Cogmind - Beta 11.1 @@@ ROGUE MODE // 2022.09.05 @ 10:44:47 Player: deadnoob Result: Destroyed by Grenadier 3a with Mini Grenade Launcher Performance ------------- Evolutions (2) 1000 Regions Visited (9) 1800 Robots Destroyed (106) 530 Value Destroyed (2902) 2902 Prototype IDs (31) 620 Alien Tech Used (0) 0 Bonus (107) 107 TOTAL SCORE: 6959 Bonus ------- High Alert Combat Kills 54 Follower Combat Kills 252 Aligned with FarCom 300 Friendly Fire -499 Cogmind --------- Core Integrity 0/550 Matter 300/300 Energy 160/160 System Corruption 8% Temperature Cool (0) Movement Flying (29) Location -8/Recycling Parts ------- > --- POWER (1) -------- Light Nuclear Core > --- PROPULSION (3) --- Cooled VTOL Module Cooled VTOL Module Cooled VTOL Module > --- UTILITY (5) ------ Active Sensor Suite Melee Analysis Suite System Shield > --- WEAPON (2) ------- Scythe > --- INVENTORY (5) ---- Advanced Weight Redist. System Advanced Visual Processing Unit Layered Light Armor Plating Graphene Brace Mini Grenade Launcher Peak State ------------ > --- POWER ------------ Light Nuclear Core > --- PROPULSION ------- Cooled VTOL Module Cooled VTOL Module Cooled VTOL Module > --- UTILITY ---------- Active Sensor Suite Advanced Targeting Computer Melee Analysis Suite > --- WEAPON ----------- Mini Grenade Launcher Scythe > --- INVENTORY -------- High-capacity Battery Structural Scanner Layered Light Armor Plating Graphene Brace [Rating: 57] Favorites ----------- Power Light Nuclear Core Engine Light Ion Engine Power Core Light Nuclear Core Propulsion Light Treads Treads Light Treads Leg Aluminum Leg Wheel Wheel Hover Unit Aerolev Unit Flight Unit Cooled VTOL Module Utility Huge Storage Unit Device Improved Heat Sink Storage Huge Storage Unit Processor Improved Targeting Computer Hackware System Shield Protection Light Armor Plating Weapon Pulse Rifle Energy Gun Pulse Rifle Energy Cannon Beam Cannon Ballistic Gun Assault Rifle Ballistic Cannon Heavy Assault Cannon Launcher Grenade Launcher Impact Weapon Hammer Slashing Weapon Scythe Build | -11 -10 -10 -9 -9 -9 -8 -8 -8 -8 ------- Run | Scr Mat Min Mat Min Exi Min Mat Sto Rec Slots Evolved 4 | . . . 2 . . . 2 . . Power . | . . . . . . . . . . Propulsion 1 | . . . 1 . . . . . . Utility 3 | . . . 1 . . . 2 . . Weapon . | . . . . . . . . . . Parts Attached 124 | 6 7 8 25 2 1 5 47 20 3 Power 9 | 1 . 1 . 1 . . 5 . 1 Engine 3 | 1 . . . . . . 2 . . Core 6 | . . 1 . 1 . . 3 . 1 Reactor . | . . . . . . . . . . Propulsion 33 | 2 3 1 4 . . 1 15 7 . Treads 21 | . 2 1 4 . . 1 11 2 . Leg 4 | 2 1 . . . . . 1 . . Wheel 2 | . . . . . . . 2 . . Hover 1 | . . . . . . . . 1 . Flight 5 | . . . . . . . 1 4 . Utility 43 | 1 4 3 13 . . 1 13 7 1 Device 17 | . . 2 7 . . . 4 4 . Storage 8 | 1 4 1 1 . . . . 1 . Processor 4 | . . . 1 . . . 2 1 . Hackware 1 | . . . . . . . . . 1 Protection 13 | . . . 4 . . 1 7 1 . Artifact . | . . . . . . . . . . Weapon 39 | 2 . 3 8 1 1 3 14 6 1 Energy Gun 17 | 1 . 3 4 1 . 2 4 2 . Energy Cannon 2 | . . . 2 . . . . . . Ballistic Gun 8 | 1 . . . . . . 4 3 . Ballistic Cannon 2 | . . . . . . . 2 . . Launcher 8 | . . . 1 . 1 1 4 . 1 Special Weapon . | . . . . . . . . . . Impact Weapon 1 | . . . 1 . . . . . . Slashing Weapon 1 | . . . . . . . . 1 . Piercing Weapon . | . . . . . . . . . . Special Melee Weapon . | . . . . . . . . . . Unidentified Prototypes 5 | . . . . . . . 1 4 . Parts Lost 33 | . . 2 1 . . 2 21 6 1 Power 4 | . . 1 . . . . 2 1 . Propulsion 10 | . . . . . . 1 7 2 . Utility 10 | . . . 1 . . 1 7 1 . Weapon 9 | . . 1 . . . . 5 2 1 Highest Loss Streak 5 | . . 2 1 . . 1 5 5 1 To Critical Strikes 2 | . . . . . . . . 2 . Average Slot Usage (%) 93 | . 94 97 99 100 100 100 86 89 73 Engine 2 | . 14 2 . . . . 3 . . Core 7 | . . 9 11 11 11 11 4 5 6 Treads 25 | . 21 28 32 33 33 33 20 19 . Flight 2 | . . . . . . . . 6 27 Device 8 | . . 13 10 . . . 13 17 9 Storage 11 | . 23 14 11 11 11 11 9 7 . Processor 6 | . . . 5 11 11 11 9 9 12 Protection 6 | . . . 5 11 11 11 10 7 . Energy Gun 13 | . 14 27 11 20 17 12 4 10 . Energy Cannon 1 | . . . 9 . . . . . . Ballistic Gun 2 | . 14 . . . . . 5 2 . Launcher 2 | . . . . 1 4 9 2 1 3 Naked Turns . | . . . . . . . . . . Heaviest Build 109 | 12 97 48 94 94 94 95 109 98 12 Greatest Support 62 | 20 40 40 60 60 60 60 62 60 21 Greatest Overweight (x) 8 | 2 4 1 2 1 1 1 8 6 3 Average Overweight (x) . | . . . . 1 1 1 1 . . Largest Inventory Capacity 25 | 8 25 20 25 25 25 25 25 25 5 Average Capacity 20 | 6 20 16 22 25 25 25 25 20 5 Most Carried 25 | 6 14 18 25 25 25 25 25 23 5 Average Carried 19 | 3 11 16 22 24 25 24 22 17 4 Final Capacity 25 | 8 15 20 25 25 25 25 25 5 5 Final Carried 25 | 6 14 18 25 25 25 25 19 5 5 Class Distribution -------------------- 52% | Scavenger-Mutant 39% | Mutant 3% | Commander-Assassin Dominant Class ---------------- Mutant | -10/Materials Mutant | -10/Mines Scavenger-Mutant | -9/Materials Scavenger-Mutant | -9/Mines Scavenger-Mutant | -9/Exiles Scavenger-Mutant | -8/Mines Scavenger-Mutant | -8/Materials Scavenger-Mutant | -8/Storage Commander-Assassin | -8/Recycling Resources | -11 -10 -10 -9 -9 -9 -8 -8 -8 -8 ----------- Run | Scr Mat Min Mat Min Exi Min Mat Sto Rec Matter Collected 2275 | 213 133 158 235 40 . 130 1049 188 129 Remotely . | . . . . . . . . . . Salvage Created 3266 | . 212 279 233 65 . 226 1785 244 222 Parts 202 | . 6 14 15 6 . 21 118 11 11 Haulers Intercepted 1 | . . . 1 . . . . . . Recyclers Shooed 7 | . . . . 1 . . 6 . . Parts Field Recycled . | . . . . . . . . . . Retrieved Matter . | . . . . . . . . . . Parts Self-Destructed . | . . . . . . . . . . Prevented . | . . . . . . . . . . Kills | -11 -10 -10 -9 -9 -9 -8 -8 -8 -8 ------- Run | Scr Mat Min Mat Min Exi Min Mat Sto Rec Combat Hostiles Destroyed 88 | . 5 6 5 2 . 14 47 5 4 Melee 4 | . . . . . . . . . 4 Guns 49 | . 5 6 4 2 . 3 24 5 . Cannons 8 | . . . 1 . . . 7 . . AOE 27 | . . . . . . 11 16 . . Classes Destroyed 14 | . 1 1 3 1 . 1 4 . 3 Worker 5 | . . 1 . . . . 3 1 . Builder 4 | . . . . 1 . . 2 . 1 Tunneler 1 | . . . . . . . 1 . . Hauler 1 | . . . 1 . . . . . . Recycler 3 | . . . . . . 1 2 . . Drone 3 | . . . . . . . . . 3 Watcher 2 | . . . . . . . 2 . . Swarmer 29 | . . . 2 1 . 11 14 1 . Grunt 41 | . 5 6 1 1 . 3 21 4 . Duelist 2 | . . . . . . . 2 . . Protector 1 | . . . . . . . . . 1 Sentry 13 | . . . 2 . . . 9 . 2 Demolisher 1 | . . . . . . . . . 1 Heavy 1 | . . . . . . . 1 . . Best Kill Streak 8 | . 2 2 2 3 . 4 8 3 2 Combat Bots Only 7 | . 2 2 2 1 . 4 7 2 2 Max Kills in Single Turn 4 | . 1 1 1 1 . 3 3 1 4 Gunslinging . | . . . . . . . . . . Exploded 3 | . . . . . . 3 3 . . Melee 1 | . . . . . . . . . 1 Uniques/NPCs Destroyed . | . . . . . . . . . . Combat | -11 -10 -10 -9 -9 -9 -8 -8 -8 -8 -------- Run | Scr Mat Min Mat Min Exi Min Mat Sto Rec Damage Taken 5739 | . 234 374 251 116 . 346 3733 611 74 Core 733 | . 34 59 25 . . 57 466 61 31 Absorbed by Shields . | . . . . . . . . . . Core Remaining (%) 80 | 100 . 62 . . . 79 . . . Volleys Fired 253 | . 13 27 15 7 1 11 158 21 . Largest 2 | . 2 2 2 2 1 2 2 2 . Hottest 126 | . 70 90 126 126 63 126 126 96 . Shots Fired 389 | . 26 50 26 14 1 16 221 34 1 Gun 318 | . 26 50 14 13 1 8 172 34 . Cannon 45 | . . . 12 . . . 33 . . Launcher 26 | . . . . 1 . 8 16 . 1 Special . | . . . . . . . . . . Kinetic 184 | . 13 6 . . . . 159 6 . Thermal 179 | . 13 44 26 13 1 8 46 28 . Explosive 26 | . . . . 1 . 8 16 . 1 Electromagnetic . | . . . . . . . . . . Robot Hit Streak 28 | . 7 15 5 8 2 8 28 8 . Robot Miss Streak 5 | . 1 3 1 3 . 2 5 1 1 Penetration Max 1 | . . . . . . . 1 . . Secondary Targets 5 | . . 2 1 . . . 1 1 . Max Gunslinging Chain 1 | . . 1 1 . . . 1 1 . Shots Hit Robots 282 | . 18 37 13 7 1 7 166 27 6 Core Hits 190 | . 12 17 9 5 . 20 100 15 12 Critical Kills 1 | . . . . . . . 1 . . Critical Parts Destroyed 1 | . . . . . . . 1 . . Critical Strikes 14 | . . . 1 . . . 9 4 . Burn 10 | . . . 1 . . . 5 4 . Destroy 2 | . . . . . . . 2 . . Blast 2 | . . . . . . . 2 . . Melee Attacks 16 | . . . 1 . . . . 4 11 Impact 1 | . . . 1 . . . . . . Slashing 15 | . . . . . . . . 4 11 Piercing . | . . . . . . . . . . Sneak Attacks 3 | . . . . . . . . . 3 Combat Hostiles 2 | . . . . . . . . . 2 Follow-up Attacks . | . . . . . . . . . . Damage Inflicted 7948 | . 247 451 189 173 18 812 5081 384 593 Guns 3929 | . 238 451 135 104 18 101 2508 374 . Cannons 1032 | . . . 54 . . . 978 . . Explosions 2474 | . . . . 69 . 673 1448 . 284 Melee 309 | . . . . . . . . . 309 Ramming 204 | . 9 . . . . 38 147 10 . Kinetic 3113 | . 121 68 . . . . 2894 30 . Thermal 1848 | . 117 383 189 104 18 101 592 344 . Explosive 2474 | . . . . 69 . 673 1448 . 284 Electromagnetic . | . . . . . . . . . . Impact . | . . . . . . . . . . Slashing 309 | . . . . . . . . . 309 Piercing . | . . . . . . . . . . Highest Corruption 8 | . . . . . . . . 8 8 Average Corruption 7 | . . . . . . . . 6 8 Corruption Purged . | . . . . . . . . . . Corruption Blocked . | . . . . . . . . . . Effects 20 | . . . . . . . . 4 16 Message Errors 3 | . . . . . . . . . 3 Matter Fused 5 | . . . . . . . . 2 3 Heat Flow Errors 2 | . . . . . . . . 1 1 Energy Discharges 2 | . . . . . . . . . 2 Data Loss (minor) 3 | . . . . . . . . . 3 Data Loss (major) 3 | . . . . . . . . 1 2 Misfires 1 | . . . . . . . . . 1 Alerts 1 | . . . . . . . . . 1 Overload Shots . | . . . . . . . . . . Overflow Damage 242 | . . . . . . 2 150 . 90 Projectiles 54 | . . . . . . . 54 . . Explosions 136 | . . . . . . 2 96 . 38 Melee 52 | . . . . . . . . . 52 Knockbacks 10 | . . . . . . . 10 . . Impact . | . . . . . . . . . . Kinetic 9 | . . . . . . . 9 . . Secondary 1 | . . . . . . . 1 . . Self-Inflicted Damage 202 | . . . . 37 . 127 . . 38 Shots 7 | . . . . 1 . 5 . . 1 Rammed 32 | . 4 . . . . 2 23 3 . Targets Rammed 34 | . 4 . . . . 3 23 4 . Kicked . | . . . . . . . . . . Crushed 2 | . . . . . . 1 . 1 . Highest Temperature 260 | . 111 120 102 255 26 234 260 155 209 Average Temperature 59 | . 40 59 37 91 15 90 57 38 101 Received Heat Transfer 2253 | . 132 213 54 18 . 63 1476 297 . Effects 1 | . . . . . . . 1 . . Energy Bleed 1 | . . . . . . . 1 . . Siege Activations . | . . . . . . . . . . Robots Corrupted . | . . . . . . . . . . Combat Hostiles . | . . . . . . . . . . Parts Fried . | . . . . . . . . . . Impact Corruptions . | . . . . . . . . . . Robots Melted . | . . . . . . . . . . Combat Hostiles . | . . . . . . . . . . Parts Melted 9 | . . . 2 1 . . 3 3 . Heat Transferred 5119 | . 333 921 471 222 37 222 1776 1137 . Parts Sabotaged . | . . . . . . . . . . Parts Stolen . | . . . . . . . . . . Parts Stripped . | . . . . . . . . . . Power Chain Reactions . | . . . . . . . . . . Missiles Intercepted . | . . . . . . . . . . Alert | -11 -10 -10 -9 -9 -9 -8 -8 -8 -8 ------- Run | Scr Mat Min Mat Min Exi Min Mat Sto Rec Peak Influence 499 | . 133 92 356 154 . 295 499 298 304 Initial 210 | . . 7 . 19 . . 20 210 70 Average 135 | . 62 23 105 74 . 178 267 236 155 Maximum Alert Level 2 | . . . 1 . . 1 2 1 1 Low Security (%) 68 | 100 100 100 84 100 . 47 27 7 71 Level 1 28 | . . . 15 . . 52 59 92 28 Level 2 2 | . . . . . . . 13 . . Level 3 . | . . . . . . . . . . Level 4 . | . . . . . . . . . . Level 5 . | . . . . . . . . . . High Security . | . . . . . . . . . . Max Security . | . . . . . . . . . . Squads Dispatched 18 | . 3 . 1 1 . . 9 4 . Investigation 5 | . 2 . . . . . 2 1 . Extermination . | . . . . . . . . . . Reinforcement 7 | . 1 . 1 . . . 4 1 . Assault 3 | . . . . 1 . . . 2 . Garrison 3 | . . . . . . . 3 . . Intercept . | . . . . . . . . . . Searches Triggered . | . . . . . . . . . . Construction Impeded 2 | . . . . . . . 2 . . Haulers Reinforced . | . . . . . . . . . . Active Scanning Responses . | . . . . . . . . . . Cargo Convoy Interrupts . | . . . . . . . . . . Stealth | -11 -10 -10 -9 -9 -9 -8 -8 -8 -8 --------- Run | Scr Mat Min Mat Min Exi Min Mat Sto Rec Distress Signals 7 | . . . 4 . . . 3 . . Communications Jammed . | . . . . . . . . . . Distress Signals . | . . . . . . . . . . Times Spotted 147 | . 7 6 19 8 . 15 65 19 8 Peak Tracking Total 10 | . 2 2 4 5 2 4 8 10 3 Tactical Retreats 9 | . . . 2 3 . 1 2 1 . Traps | -11 -10 -10 -9 -9 -9 -8 -8 -8 -8 ------- Run | Scr Mat Min Mat Min Exi Min Mat Sto Rec Traps Triggered 3 | . 1 . 1 . . . . 1 . Indirectly . | . . . . . . . . . . Trap Hack Attempts . | . . . . . . . . . . Triggered . | . . . . . . . . . . Disarmed . | . . . . . . . . . . Reprogrammed . | . . . . . . . . . . Reused . | . . . . . . . . . . Traps Extracted . | . . . . . . . . . . Installed . | . . . . . . . . . . Triggered . | . . . . . . . . . . Machines | -11 -10 -10 -9 -9 -9 -8 -8 -8 -8 ---------- Run | Scr Mat Min Mat Min Exi Min Mat Sto Rec Machines Disabled 3 | . . . . . . 1 2 . . Max in Single Turn 1 | . . . . . . 1 1 . . Machines Sabotaged . | . . . . . . . . . . Garrisons Compromised . | . . . . . . . . . . Overloaded Fab Kills . | . . . . . . . . . . Hacking | -11 -10 -10 -9 -9 -9 -8 -8 -8 -8 --------- Run | Scr Mat Min Mat Min Exi Min Mat Sto Rec Machines Accessed 24 | . 1 . 8 . 1 . 7 3 4 Terminals 20 | . 1 . 7 . . . 5 3 4 Fabricators . | . . . . . . . . . . Repair Stations . | . . . . . . . . . . Recycling Units 2 | . . . . . . . 2 . . Scanalyzers 1 | . . . 1 . . . . . . Garrison Access . | . . . . . . . . . . Total Hacks 70 | . 8 . 25 . 1 . 19 7 10 Successful 36 | . 4 . 16 . 1 . 10 4 1 Failed 33 | . 3 . 9 . . . 9 3 9 Catastrophic 7 | . . . 1 . . . 1 1 4 Database Lockouts 1 | . 1 . . . . . . . . Manual 52 | . 7 . 12 . 1 . 14 10 8 Terminals 65 | . 8 . 23 . . . 17 7 10 Fabricators . | . . . . . . . . . . Repair Stations . | . . . . . . . . . . Recycling Units 2 | . . . . . . . 2 . . Scanalyzers 2 | . . . 2 . . . . . . Garrison Access . | . . . . . . . . . . Terminal Hacks 28 | . 4 . 12 . 1 . 8 2 1 Record 1 | . . . . . . . 1 . . Part Schematic 1 | . . . 1 . . . . . . Robot Analysis 3 | . 1 . 2 . . . . . . Prototype ID Bank 2 | . . . 2 . . . . . . Open Door 1 | . . . . . . . . 1 . Branch Access Points 3 | . 1 . 1 . . . 1 . . Emergency Access Points 2 | . . . 1 . . . 1 . . Terminal Index 1 | . . . . . . . . 1 . Recycling Unit Index 1 | . . . . . . . 1 . . Alert Level 6 | . . . 3 . . . 2 . 1 Unreport Threat 3 | . . . 1 . . . 2 . . Locate Traps 1 | . 1 . . . . . . . . Investigation Status 1 | . . . 1 . . . . . . Zone Layout 1 | . 1 . . . . . . . . EX-Prototype ID Bank 1 | . . . . . 1 . . . . Fabricator Hacks . | . . . . . . . . . . Repair Station Hacks . | . . . . . . . . . . Recycling Unit Hacks 2 | . . . . . . . 2 . . Retrieve Components 2 | . . . . . . . 2 . . Scanalyzer 2 | . . . 2 . . . . . . Insert Component 1 | . . . 1 . . . . . . Analyze 1 | . . . 1 . . . . . . Garrison Access Hacks . | . . . . . . . . . . Unauthorized Hacks 4 | . . . 2 . . . . 2 . Terminals 4 | . . . 2 . . . . 2 . Assimilate 1 | . . . . . . . . 1 . Botnet 3 | . . . 2 . . . . 1 . Fabricators . | . . . . . . . . . . Repair Stations . | . . . . . . . . . . Recycling Units . | . . . . . . . . . . Scanalyzers . | . . . . . . . . . . Garrison Access . | . . . . . . . . . . Data Cores Recovered 1 | . . . 1 . . . . . . Used . | . . . . . . . . . . Hacking Detections 18 | . 1 . 8 . . . 4 1 4 Full Trace Events 6 | . 1 . . . . . 2 1 2 Feedback Events . | . . . . . . . . . . Feedback Blocked . | . . . . . . . . . . Robot Schematics Acquired . | . . . . . . . . . . Robots Built . | . . . . . . . . . . Authchips . | . . . . . . . . . . Time . | . . . . . . . . . . Total Robot Build Rating . | . . . . . . . . . . Part Schematics Acquired 2 | . . . 2 . . . . . . Parts Built . | . . . . . . . . . . Authchips . | . . . . . . . . . . Time . | . . . . . . . . . . Total Part Build Rating . | . . . . . . . . . . Parts Repaired . | . . . . . . . . . . Time . | . . . . . . . . . . Parts Recycled . | . . . . . . . . . . Recycled Matter . | . . . . . . . . . . Retrieved Matter . | . . . . . . . . . . Retrieved Components 18 | . . . . . . . 18 . . Parts Scanalyzed 1 | . . . 1 . . . . . . Part Schematics Acquired 1 | . . . 1 . . . . . . Parts Damaged . | . . . . . . . . . . Bothacking | -11 -10 -10 -9 -9 -9 -8 -8 -8 -8 ------------ Run | Scr Mat Min Mat Min Exi Min Mat Sto Rec Used RIF Installer . | . . . . . . . . . . Robots Hacked . | . . . . . . . . . . Non-combat . | . . . . . . . . . . Combat . | . . . . . . . . . . Robot Hacks Applied . | . . . . . . . . . . Relay Couplers Released . | . . . . . . . . . . Fabnet Peak Effective % . | . . . . . . . . . . Robots Rewired 18 | . . . . . . . . . 18 Allies Hacked . | . . . . . . . . . . Hacks Repelled . | . . . . . . . . . . Allies | -11 -10 -10 -9 -9 -9 -8 -8 -8 -8 -------- Run | Scr Mat Min Mat Min Exi Min Mat Sto Rec Total Allies 25 | . . 3 . 1 . . . 3 18 Largest Group 12 | . . 3 3 1 . . . 2 12 Highest-Rated Group 192 | . . 40 40 31 . . . 62 192 Highest-Rated Ally 34 | . . 16 16 31 . . . 31 34 Total Orders . | . . . . . . . . . . Ally Attacks 142 | . . . 45 14 . . . 17 66 Total Damage 1780 | . . . 534 146 . . . 298 802 Kills 35 | . . . 12 1 . . . 3 19 Allies Corrupted 1 | . . . . . . . . 1 . Allies Melted . | . . . . . . . . . . Intel | -11 -10 -10 -9 -9 -9 -8 -8 -8 -8 ------- Run | Scr Mat Min Mat Min Exi Min Mat Sto Rec Robot Analysis Total 3 | . 1 . 2 . . . . . . Derelict Logs Recovered 4 | . . 3 . 1 . . . . . Drone Launches . | . . . . . . . . . . Drone Recoveries . | . . . . . . . . . . Exploration | -11 -10 -10 -9 -9 -9 -8 -8 -8 -8 ------------- Run | Scr Mat Min Mat Min Exi Min Mat Sto Rec Turns Passed 7802 | 71 653 1623 875 618 509 895 1593 440 525 Spaces Moved 3645 | 49 255 813 390 242 211 343 408 281 653 Core 77 | 14 . . . . . . . 4 59 Treads 2614 | . 166 813 390 242 211 343 349 100 . Legs 124 | 35 89 . . . . . . . . Wheels 59 | . . . . . . . 59 . . Hover . | . . . . . . . . . . Flight 771 | . . . . . . . . 177 594 Fastest Speed 20 | 50 120 160 160 240 240 240 140 29 20 Average Speed 176 | 116 223 184 196 240 240 240 254 112 42 Slowest Speed 560 | 190 400 240 320 240 240 240 560 490 200 Overloaded Moves 1 | . . . . . . . . . 1 Propulsion Burnouts . | . . . . . . . . . . Robots Hopped 16 | . . . . . . . . 3 13 Cave-ins Triggered . | . . . . . . . . . . Exploration Rate (%) 55 | 4 29 97 37 48 62 67 52 65 92 Regions Visited 9 Branch Regions 6 Pre-discovered Areas 3 | . . 2 . 1 . . . . . Known Exits Taken 3 | . 1 . 1 . . . 1 . . Unknown Exits Taken 6 | 1 . 1 . 1 1 1 . 1 . Scrap Searched 5 | . . 3 . 1 . 1 . . . Spaces Dug 8 | . . . 1 . . . 3 4 . Terrain Destroyed 188 | . . . 1 11 . 75 89 4 8 Melee 5 | . . . 1 . . . . 4 . Projectile 18 | . . . . . . . 18 . . AOE 164 | . . . . 11 . 75 70 . 8 Terrain Rammed . | . . . . . . . . . . Walls Destroyed . | . . . . . . . . . . Machines Disabled . | . . . . . . . . . . Actions | -11 -10 -10 -9 -9 -9 -8 -8 -8 -8 --------- Run | Scr Mat Min Mat Min Exi Min Mat Sto Rec Total 4521 | 60 304 888 472 269 213 396 687 356 876 Wait 143 | . 16 34 9 10 1 28 13 10 22 Move 3606 | 48 254 812 389 241 210 342 408 274 628 Hop 15 | . . . . . . . . 3 12 Pick Up 65 | 6 6 4 16 4 . 4 14 5 6 Fast Attach 49 | 6 2 3 7 . . . 19 10 2 Attach 26 | . . 1 2 . . 2 13 7 1 Detach 7 | . 2 1 1 . . . 2 1 . Swap 49 | . 5 4 16 2 1 3 15 3 . Drop 71 | . 2 2 16 5 . 3 23 14 6 Fire 253 | . 13 27 15 7 1 11 158 21 . Melee 16 | . . . 1 . . . . 4 11 Ram . | . . . . . . . . . . Kick . | . . . . . . . . . . Crush 33 | . 4 . . . . 3 22 4 . Escape Stasis . | . . . . . . . . . . Rewire 188 | . . . . . . . . . 188 Trap . | . . . . . . . . . . Miscellaneous . | . . . . . . . . . . Route ------- -11/Scrapyard -10/Materials (discovered 2 exits: *Min x2) -10/Mines (discovered 2 exits: *Mat x2) -9/Materials (discovered 3 exits: *Mat / *Min x2) -9/Mines (discovered 3 exits: *Mat / *Exi / [*Zio]) -9/Exiles -8/Mines -8/Materials (discovered 2 exits: *Sto x2) -8/Storage -8/Recycling (discovered 1 exit: *Fac) History --------- Turn | Location | Event 24 | -11/Scrapyard | Discovered new exit (range 15) 72 | -11/Scrapyard | Entered Materials 130 | -10/Materials | Identified exit to Mines 130 | -10/Materials | Central database locked down 305 | -10/Materials | Build established: Mutant 725 | -10/Materials | Entered Mines 771 | -10/Mines | Met a Derelict bent on vengeance 1015 | -10/Mines | Learned location of Zion (-7) 1122 | -10/Mines | Learned Materials terminal intel 1287 | -10/Mines | Learned Materials emergency access door positions 1389 | -10/Mines | Found a hidden stash of uninstalled traps 1494 | -10/Mines | Discovered new exit (range 12) 1507 | -10/Mines | Learned location of Storage (-8) 1517 | -10/Mines | Discovered new exit (range 5) 2079 | -10/Mines | Assisted by bots powering up and referring to "LRC-V3" 2348 | -10/Mines | Entered Materials 2348 | -9/Materials | Accompanied by 3 allies 2348 | -9/Materials | Evolved 2 slots: Propulsion x1, Utility x1 2350 | -9/Materials | Loaded intel: 12 terminal locations 2737 | -9/Materials | Discovered new exit (range 14) 2905 | -9/Materials | Identified exit to Mines 3078 | -9/Materials | Build established: Scavenger-Mutant 3223 | -9/Materials | Entered Mines 3223 | -9/Mines | Accompanied by 1 ally 3371 | -9/Mines | Discovered new exit (range 10) 3529 | -9/Mines | Met a Derelict testing a Signal Generator 3613 | -9/Mines | A Derelict revealed a hidden shortcut to a safe place 3798 | -9/Mines | Deemed a non-threat by the Exiles lab entrance 3798 | -9/Mines | Discovered new exit (range 5) 3841 | -9/Mines | Entered Exiles 3899 | -9/Exiles | Met 8R-AWN 3940 | -9/Exiles | Met EX-HEX 4019 | -9/Exiles | Met EX-BIN 4053 | -9/Exiles | Aligned with FarCom system 4055 | -9/Exiles | Given EX-Vault access code 4110 | -9/Exiles | Opened EX-Vault 4167 | -9/Exiles | Warned to stay clear of 0b10 Research branches 4209 | -9/Exiles | Exiles lab attacked by MAIN.C 4325 | -9/Exiles | Discovered new exit (range 10) 4348 | -9/Exiles | Attacked by the Exiles 4350 | -9/Exiles | Entered Mines 4973 | -8/Mines | Discovered new exit (range 13) 5245 | -8/Mines | Entered Materials 5245 | -8/Materials | Evolved 2 slots: Utility x2 5514 | -8/Materials | Destroyed 7 combat bots 5663 | -8/Materials | Lost 3 parts (1p1n1u) 5715 | -8/Materials | Found Prototype Device 6180 | -8/Materials | Lost 3 parts (1n1u1w) 6268 | -8/Materials | Discovered new exit (range 15) 6289 | -8/Materials | Core integrity fell below 50% 6340 | -8/Materials | Destroyed 7 combat bots 6497 | -8/Materials | Lost 5 parts (1n3u1w) 6515 | -8/Materials | Garrison activated, responded to threat 6560 | -8/Materials | Identified exit to Storage 6657 | -8/Materials | Core integrity fell below 20% 6838 | -8/Materials | Entered Storage 7193 | -8/Storage | Lost 5 parts (1p2n1u1w) 7220 | -8/Storage | Met a pair of Derelict thieves 7227 | -8/Storage | Identified Active Sensor Suite 7276 | -8/Storage | Used back door to open Recycling access 7276 | -8/Storage | Discovered new exit (range 5) 7278 | -8/Storage | Entered Recycling 7390 | -8/Recycling | Spotter reported a threat 7392 | -8/Recycling | Spotter reported a threat 7407 | -8/Recycling | Spotter reported a threat 7424 | -8/Recycling | Spotter reported a threat 7433 | -8/Recycling | Spotter reported a threat 7438 | -8/Recycling | Spotter reported a threat 7443 | -8/Recycling | Spotter reported a threat 7485 | -8/Recycling | Spotter reported a threat 7529 | -8/Recycling | Spotter reported a threat 7530 | -8/Recycling | Spotter reported a threat 7535 | -8/Recycling | Spotter reported a threat 7569 | -8/Recycling | Discovered new exit (range 16) 7577 | -8/Recycling | Spotter reported a threat 7577 | -8/Recycling | Spotter reported a threat 7582 | -8/Recycling | Spotter reported a threat 7583 | -8/Recycling | Spotter reported a threat 7656 | -8/Recycling | Spotter reported a threat 7658 | -8/Recycling | Spotter reported a threat 7658 | -8/Recycling | Spotter reported a threat 7659 | -8/Recycling | Spotter reported a threat 7711 | -8/Recycling | Spotter reported a threat 7711 | -8/Recycling | Spotter reported a threat 7711 | -8/Recycling | Spotter reported a threat 7711 | -8/Recycling | Spotter reported a threat 7764 | -8/Recycling | Spotter reported a threat 7764 | -8/Recycling | Spotter reported a threat 7764 | -8/Recycling | Spotter reported a threat 7776 | -8/Recycling | Spotter reported a threat 7790 | -8/Recycling | Identified exit to Factory 7803 | -8/Recycling | Destroyed by Grenadier 3a with Mini Grenade Launcher Last Messages --------------- 07758_ P-60 Hacker cannot be rewired. 07759_ Attempting to rewire P-60 Hacker. 07759_ P-60 Hacker cannot be rewired. 07764_ ALERT: Unidentified potential threat approaching Factory. 07766_ Attempting to rewire T-07 Excavator. 07768_ T-07 Excavator rewired. 07769_ Attempting to rewire G-47 Trooper. 07769_ G-47 Trooper is broken beyond repair. 07773_ System corrupted: Heat flow error (+233). 07773_ Attempting to rewire K-01 Serf. 07776_ ALERT: Unidentified potential threat approaching Factory. 07777_ Attempting to rewire K-01 Serf. 07778_ K-01 Serf rewired. 07783_ U-05 Engineer lays Concrete. 07784_ Dropped Hcp. Battery. 07784_ Acquired Adv. Visual Processing Unit. 07790_ EXIT=IDENTIFIED: FACTORY 07803_ ALERT: Threat analysis in progress, dispatching additional drones. 07803_ N-01 Spotter is scanning... 07803_ N-01 Spotter destroyed. Map ----- +----------------------------------------------------+ | | | | | | | | | | | | | | | | | | | | | | | | | | | | | | | | | | | | | ??????????????????????????????????? | | ??????????????????????????????????? | | ??????????????????????????????????? | | ??????##?##???????????#####???????? | | ??????################# #??????? | | ?????## #??????? | | ?????# t =<%#??????? | | ???### =rg g kd @ #??????? | | #### ## g########+##/######??????? | | # !##????? ??????????????? | | ! # % #?????? ??????????????? | | ][%# #?????# ?????????????? | | # #?????# ?????????????? | | % % + #?????# """ ????????????? | | ! # #?????# """ ????????????? | | %% # r #?????# """ "???????????? | | # #?????# ???????????? | | % # #?????##???###??????????? | | ### ## #???????????????????????? | | ####### ###########?????????????? | | ??????# # #?????????????? | | ?????## # d gp #?????????????? | | ?????# * = % #?????????????? | | ?????# ! Y #?????????????? | | ###### % %sg!l #?????????????? | | # #?????????????? | | ! #?????????????? | | #?????????????? | | ####### # ###########?????????????? | | ??????#####???????????????????????? | | ??????????????????????????????????? | | ########################??????????? | +----------------------------------------------------+ Best States ------------- Heat Dissipation 53 Energy Generation 18 Energy Capacity 350 Matter Stores 300 Matter Capacity 300 Sight Range 16 Robot Scan Range 20 Terrain Scan Density 10 Armor Coverage 375 Evasion (%) 64 Targeting Accuracy 8 Melee Accuracy 5 Recoil Reduction 3 Salvage Targeting 1 Defensive Hacking 10 Item Schematics ----------------- Huge Storage Unit | -9/Materials | Scanalyzed Lgt. Armor Plating | -9/Materials | Hacked Robot Schematics ------------------ None Fabricated ------------ Nothing Alien Tech Used ----------------- None Achievements -------------- None Challenges ------------ None Game ------ Seed CompositeAbsorptionReactor Manual? 0 Play Time 00:55:21 Cumulative 63.7 hours Start 2022.09.05 @ 09:47:59 End 2022.09.05 @ 10:44:47 Sessions 1 Manual Loads 0 Difficulty Rogue Special Mode None Game No. 94 Rogue 94 Adventurer 0 Explorer 0 Win Type - Total 0 Types 0/0/0/0/0/0/0/0/0 Lore% 54 Gallery% 51 Achievement% 42 Wizard Run 0 Options --------- ASCII 0 Keyboard 0 Movement Numpad Keybinds 0 Fullscreen 2 Font 18/SmallcapsGlow Map View 76x50 Tactical HUD 1 Map Filters NONE Filters NONE Steam 1 RUN: 391a45b5-4e65-4bb2-a372-7b016178a0f0